 Dungeon Crawl Stone Soup version 0.28-a0-925-gd5e1996cdb (webtiles) character file.

Game seed: 4054145113430552305

447 horus123 the Poker (level 6, -2/46 HPs)
             Began as a Demonspawn Gladiator on Nov 26, 2021.
             Was a Follower of Makhleb.
             Slain by a kobold brigand (4 damage)
             ... on level 6 of the Dungeon.
             The game lasted 00:07:58 (5759 turns).

horus123 the Poker (Demonspawn Gladiator)           Turns: 5759, Time: 00:07:59

Health: -2/46      AC:  3    Str: 14    XL:     6   Next: 73%
Magic:  18/18      EV: 12    Int: 10    God:    Makhleb [*.....]
Gold:   202        SH:  4    Dex: 16    Spells: 5/5 levels left

rFire   . . .      SeeInvis .   j - +2 glaive (pain)
rCold   . . .      Faith    .   (shield currently unavailable)
rNeg    . . .      Spirit   .   b - +0 leather armour
rPois   .          Reflect  .   (no helmet)
rElec   .          Harm     .   (no cloak)
rCorr   .          Rampage  .   (no gloves)
Will    .....                   (no boots)
Stlth   ++........              (no amulet)
HPRegen 0.15/turn               o - ring of magical power
MPRegen 0.16/turn               (no ring)

@: no status effects
A: condensation shield, demonic touch 2
a: Renounce Religion


You were on level 6 of the Dungeon.
You worshipped Makhleb.
Makhleb was aware of your devotion.
You visited 2 branches of the dungeon, and saw 7 of its levels.

You collected 202 gold pieces.

Inventory:

Hand Weapons
 a - a +0 trident
 j - a +2 glaive of pain (weapon)
Missiles
 d - 2 throwing nets
 f - 4 javelins (quivered)
 r - 6 curare-tipped darts
Armour
 b - a +0 leather armour (worn)
 c - a +0 helmet
 q - a +2 helmet
Magical Staves
 h - a staff of conjuration
Jewellery
 o - a ring of magical power (left hand)
 p - an amulet of reflection
Scrolls
 e - 3 scrolls of teleportation
Potions
 g - 3 potions of might
 i - a potion of resistance {unknown}
 k - a potion of curing {unknown}
 l - 3 potions of lignification {unknown}
 m - 3 potions of heal wounds {unknown}
 n - a potion of degeneration {unknown}
 s - a potion of mutation {unknown}
 t - a potion of flight {unknown}
 u - a potion of attraction {unknown}
 v - a potion of magic {unknown}
 w - a potion of brilliance {unknown}


   Skills:
 - Level 2.5 Fighting
 - Level 4.7 Polearms
 - Level 2.3 Throwing
 - Level 2.0 Armour
 - Level 3.1 Dodging
 - Level 1.4 Stealth
 - Level 0.6 Shields
 + Level 4.0 Invocations


You had 5 spell levels left.
You didn't know any spells.
Your spell library was empty.

Dungeon Overview and Level Annotations

Branches:
Dungeon (6/15)             Temple (1/1) D:4

Altars:
Dithmenos
Elyvilon
Hepliaklqana
Makhleb
Nemelex Xobeh
Okawaru
Ru
Uskayaw
Vehumet
Yredelemnul

Shops:
D:6 (


Innate Abilities, Weirdness & Mutations

A meltable shield of frost defends you. (SH +4)
Your touch may inflict irresistible damage on your foes.


Message History

The kobold brigand misses you. The kobold brigand barely misses you.
You barely miss the kobold brigand.
The kobold brigand is lightly wounded.
The kobold brigand hits you with a +0 short sword!
You hit the kobold brigand.
The kobold brigand is lightly wounded.
The kobold brigand hits you with a +0 short sword.
The kobold brigand barely misses you.
You hit the kobold brigand.
The kobold brigand is lightly wounded.
The kobold brigand closely misses you.
You barely miss the kobold brigand.
The kobold brigand is lightly wounded.
The kobold brigand hits you with a +0 short sword!
The kobold brigand misses you.
You miss the kobold brigand.
The kobold brigand is lightly wounded.
The kobold brigand closely misses you.
You closely miss the kobold brigand.
The kobold brigand is lightly wounded.
The kobold brigand hits you with a +0 short sword.
* * * LOW HITPOINT WARNING * * *
You hit the kobold brigand.
The kobold brigand is moderately wounded.
The kobold brigand misses you.
The kobold brigand hits you with a +0 short sword.
* * * LOW HITPOINT WARNING * * *
You slash the kobold brigand!
The kobold brigand is severely wounded.
The kobold brigand hits you with a +0 short sword.
* * * LOW HITPOINT WARNING * * *
You hit the kobold brigand but do no damage.
The kobold brigand is severely wounded.
The kobold brigand misses you.
The kobold brigand hits you with a +0 short sword!
* * * LOW HITPOINT WARNING * * *
You hit the kobold brigand.
The kobold brigand is almost dead.
The kobold brigand hits you with a +0 short sword.
You die...

#. ###.#K .
#. #.... .?
###.##.#. K.#
#.......#
..##
#.##..##.....
#.........P.P
##..KK###.P∩P
# #.##K# P.
#.##.##@#
#.......#
#####....####
............+
######...####
#..## #<##
#.# #.#


You could see a kobold brigand and 2 kobolds.

Vanquished Creatures
  2 scorpions
  2 hounds (D:5)
  2 jellies (D:4)
  A centaur skeleton (D:4)
  5 adders
  2 ufetubi
  4 dart slugs
  10 orcs
  17 endoplasms
  5 giant cockroaches
  8 goblins
  5 hobgoblins
  13 jackals
  2 quokkas
  7 ball pythons
  3 bats
  3 frilled lizards
  14 kobolds
  7 rats
112 creatures vanquished.

Vanquished Creatures (others)
  A fungus (D:4)
  8 toadstools (D:4)
9 creatures vanquished.

Grand Total: 121 creatures vanquished

Notes
Turn   | Place    | Note
-------+----------+-------------------------------------------
     0 | D:1      | horus123 the Demonspawn Gladiator began the quest for the
                  | Orb.
     0 | D:1      | Reached XP level 1. HP: 16/16 MP: 1/1
   195 | D:1      | Gained mutation: A meltable shield of frost defends you.
                  | (SH +4) [demonic ancestry]
   195 | D:1      | Reached XP level 2. HP: 22/22 MP: 2/2
   948 | D:2      | Gained mutation: Your touch may inflict minor irresistible
                  | damage on your foes. [demonic ancestry]
   948 | D:2      | Reached XP level 3. HP: 27/27 MP: 3/3
  1611 | D:2      | Reached skill level 1 in Armour
  1878 | D:3      | Reached XP level 4. HP: 28/33 MP: 4/4
  2041 | D:3      | Found a faded altar of an unknown god.
  2525 | D:4      | Identified a scroll of acquirement
  2525 | D:4      | Acquired a +1 glaive of pain
  2589 | D:4      | Found a radiant altar of Vehumet.
  2635 | D:4      | Identified the +3 war axe of Xenlus {antimagic, Fragile Fly
                  | rElec Dex+3}
  2785 | D:4      | Found a staircase to the Ecumenical Temple.
  2792 | Temple   | Entered the Ecumenical Temple
  2814 | Temple   | Became a worshipper of Makhleb the Destroyer
  3179 | D:4      | Gained mutation: Your touch may inflict irresistible damage
                  | on your foes. [demonic ancestry]
  3179 | D:4      | Reached XP level 5. HP: 14/39 MP: 5/5
  4175 | D:4      | Reached * piety under Makhleb
  4325 | D:4      | Reached XP level 6. HP: 39/46 MP: 6/6
  4488 | D:4      | Reached skill level 1 in Stealth
  4617 | D:5      | Entered Level 5 of the Dungeon
  4807 | D:5      | Reached skill level 1 in Invocations
  5422 | D:5      | Found a sparkling altar of Nemelex Xobeh.
  5423 | D:5      | Found an iron altar of Okawaru.
  5736 | D:6      | Found Piat's Antique Weapon Shop.
  5758 | D:6      | HP: 2/46 [kobold brigand (7)]
  5759 | D:6      | Slain by a kobold brigand

Illustrated notes

Levels and vault maps discovered:
D:1:      amcnicky_arrival_blooded_trapdoor, layout_basic
D:2:      layout_loops_ring
D:3:      layout_rooms, hellmonk_ecumenical_altar_dog_temple
D:4:      cheibrodos_fertilizer, layout_loops_corners, nicolae_vehumet_radiance,
          temple_doors_e, kennysheep_boxes
D:5:      layout_loops_ring, grunt_temple_overflow_open, hangedman_decor_growths
D:6:      layout_loops_corners, gup_ossuary_entry_pyramid, serial_shops,
          nicolae_shop_overgrown_old_shop
Temple:   dshaligram_water_room_temple

Skill      XL: |  1  2  3  4  5  6 |
---------------+-------------------+-----
Polearms       | 3 4 |  4.7
Throwing       | 2 |  2.3
Dodging        | 3 |  3.1
Armour         | 1 2 |  2.0
Stealth        | 1 |  1.4
Invocations    | 4 |  4.0
Fighting       | |  2.5
Shields        | |  0.6

Action                   |  1- 3 |  4- 6 || total
-------------------------+-------+-------++-------
Melee: Trident           |    84 |    42 ||   126
       Touch             |     5 |     4 ||     9
       Glaive            |       |   137 ||   137
Throw: Javelin           |    34 |     1 ||    35
       Throwing net      |     1 |       ||     1
  Use: Scroll            |     1 |     8 ||     9
 Stab: Sleeping          |       |     2 ||     2
Armor: Leather armour    |    23 |    39 ||    62
Dodge: Dodged            |    48 |    83 ||   131
Block: Other             |    15 |    31 ||    46

Table legend: (Time is in decaauts)
 A = Elapsed time spent in this place.
 B = Non-inter-level travel time spent in this place.
 C = Inter-level travel time spent in this place.
 D = Time resting spent in this place.
 E = Time spent auto-exploring this place.
 F = Levels seen in this place.
 G = Mean time per level.
                   A        B        C        D        E       F      G
               +--------+--------+--------+--------+--------+-----+--------+
         Total |   5854 |   5723 |    131 |    914 |   3950 |   7 |  836.3 |
       Dungeon |   5812 |   5701 |    111 |    914 |   3942 |   6 |  968.7 |
        Temple |     42 |     22 |     20 |      0 |      8 |   1 |   42.0 |
               +--------+--------+--------+--------+--------+-----+--------+

Top non-repeatable levels by time:
     D:4: 2093 daAuts
     D:5: 1124 daAuts
     D:1: 957 daAuts
     D:2: 877 daAuts
     D:3: 716 daAuts
  Temple: 42 daAuts
     D:6: 42 daAuts
